 Dungeon Crawl Stone Soup version 0.30.1-11-g7821555f0a (webtiles) character file.

Game seed: 416196790870415069

326 bnorton916 the Magician (level 6, 0/32 HPs)
             Began as a Deep Elf Fire Elementalist on Nov 12, 2023.
             Slain by a wyvern (8 damage)
             ... on level 9 of the Dungeon.
             The game lasted 00:07:29 (5652 turns).

bnorton916 the Magician (DEFE)                      Turns: 5652, Time: 00:07:30

Health: 0/32       AC:  9    Str:  5    XL:     6   Next: 24%
Magic:  13/16      EV: 12    Int: 22    God:
Gold:   201        SH:  0    Dex: 15    Spells: 12/16 levels left

rFire   . . .        o - staff of conjuration
rCold   . . .        (no shield)
rNeg    . . .        u - +2 robe {Will+}
rPois   .            j - +1 helmet
rElec   .            (no cloak)
rCorr   .            (no gloves)
SInv    .            m - +2 pair of boots
Will    +....        (no amulet)
Stlth   ++           (no ring)
HPRegen 0.25/turn    (no ring)
MPRegen 0.15/turn

%: no passive effects
@: no status effects
A: no striking features
a: no special abilities


You were on level 9 of the Dungeon.
You visited 1 branch of the dungeon, and saw 6 of its levels.

You collected 201 gold pieces.

Inventory:

Hand Weapons
 e - a +1 short sword of venom
Missiles
 i - 13 poisoned darts
Armour
 a - a +0 robe
 j - a +1 helmet (worn)
 m - a +2 pair of boots (worn)
 u - a +2 robe of willpower (worn)
Magical Staves
 o - a staff of conjuration (weapon)
Jewellery
 d - an amulet of guardian spirit
Wands
 s - a wand of iceblast (23)
Scrolls
 c - a scroll of brand weapon
 k - a scroll of noise
Potions
 b - a potion of magic
 g - 2 potions of ambrosia
 p - a potion of flight


   Skills:
 - Level 2.4 Dodging
 - Level 2.4 Stealth
 + Level 5.6 Spellcasting
 + Level 4.0 Conjurations
 + Level 1.4 Hexes
 - Level 5.0 Fire Magic


You had 12 spell levels left.
You knew the following spells:

 Your Spells              Type           Power      Damage    Failure   Level
a - Foxfire               Conj/Fire      100%       2x1d9     1%          1
b - Scorch                Fire           56%        2d7       1%          2
c - Slow                  Hex            48%        N/A       5%          1

Your spell library contained the following spells:

 Spells                   Type           Power      Damage    Failure   Level
 Inner Flame              Hex/Fire       20%        N/A       8%          3
 Necrotise                Necr           24%        1d5       10%         1
 Volatile Blastmotes      Fire/Tloc      34%        2d12      11%         3
 Stone Arrow              Conj/Erth      44%        3d9       12%         3
 Flame Wave               Conj/Fire      39%        2d11      14%         4
 Confusing Touch          Hex            12%        N/A       16%         3
 Vampiric Draining        Necr           6%         2d6       28%         3
 Animate Armour           Summ/Erth      12%        N/A       67%         4
 Agony                    Necr           6%         N/A       95%         5
 Lehudib's Crystal Spear  Conj/Erth      11%        10d4      100%        8


Dungeon Overview and Level Annotations

Branches:
Dungeon (9/15)
 Temple: D:4-7         Lair: D:8-11         Orc: D:9-12

Altars:

Annotations:
D:4 Pikel
D:9 Prince Ribbit


Message History

Flames lash the orc.
The orc is heavily wounded.
The orc's fire resistance burns away.
The orc misses you. The orc hits you with a +0 falchion.
An orc comes into view. It is wielding a +0 falchion.
An orc comes into view.
It is wielding a +0 war axe and carrying a wand of flame (9).
Unknown command.
Okay, then.
The orc attacks as you move away! The orc hits you with a +0 falchion.
The orc is no longer more vulnerable to fire.
Casting: Scorch (safe; 1% risk of failure)
Confirm with . or Enter, or press ? or * to list all spells.
Aiming: Slow (safe; 5% risk of failure)
Press: ? - help, Shift-Dir - straight line, f - wyvern
Aim: a wyvern (chance to affect: 46%)
The orc seems to slow down.
The wyvern bites you. The wyvern attacks as you move away!
The wyvern bites you. The wyvern completely misses you.
The wyvern barely misses you.
The wyvern bites you but does no damage.
There is an open door here.
The wyvern bites you but does no damage.
The wyvern attacks as you move away! The wyvern misses you.
There is an open door here.
The wyvern barely misses you. The wyvern attacks as you move away!
The wyvern bites you but does no damage.
Casting: Slow (safe; 5% risk of failure)
Confirm with . or Enter, or press ? or * to list all spells.
Aiming: Slow (safe; 5% risk of failure)
Press: ? - help, Shift-Dir - straight line, f/p - wyvern
Aim: a wyvern (chance to affect: 46%)
The wyvern seems to slow down.
The wyvern barely misses you.
Unknown command.
The wyvern attacks as you move away! The wyvern bites you!
* * * LOW HITPOINT WARNING * * *
There is a stone staircase leading down here.
The wyvern bites you!
You die...

#g# #..o...# #g#
#......# #.# ####o####
#y# #....# #g#######
###o######## y.......#
#..........# ........#
#....o.....#
........####....l.....#
........#..'..>.@.....#
........#.##..........#
..>.....'.##..........#
........####..........#
........# #..........#
######### #..........#
####'####### #..).#
####+######


You could see a wyvern (slow) and 2 orcs.

Vanquished Creatures
  A centaur (D:9)
  3 lemures (D:3)
  A scorpion (D:3)
  An orc priest (D:3)
  A hound (D:3)
  An orc wizard (D:3)
  3 adders (D:2)
  2 worms (D:2)
  8 orcs (D:3)
  5 ball pythons
  3 bats
  6 endoplasms
  2 giant cockroaches
  3 goblins
  6 hobgoblins
  3 jackals (D:3)
  A quokka (D:2)
  6 frilled lizards
  7 kobolds
  3 rats (D:1)
66 creatures vanquished.

Vanquished Creatures (others)
  253 foxfires
253 creatures vanquished.

Grand Total: 319 creatures vanquished

Notes
Turn   | Place    | Note
-------+----------+-------------------------------------------
     0 | D:1      | bnorton916 the Deep Elf Fire Elementalist began the quest
                  | for the Orb.
     0 | D:1      | Reached XP level 1. HP: 10/10 MP: 6/6
   194 | D:1      | Reached XP level 2. HP: 15/15 MP: 4/8
  1081 | D:2      | Reached XP level 3. HP: 19/19 MP: 5/10
  1084 | D:2      | Learned a level 2 spell: Scorch
  2271 | D:2      | Reached XP level 4. HP: 24/24 MP: 8/12
  2686 | D:3      | Noticed a scorpion
  2697 | D:3      | Killed a scorpion
  2698 | D:3      | Reached XP level 5. HP: 27/28 MP: 3/14
  3305 | D:3      | Reached skill level 5 in Spellcasting
  3578 | D:3      | Reached skill level 5 in Fire Magic
  4065 | D:4      | Noticed Pikel
  4067 | D:4      | Noticed a lemure
  4068 | D:4      | Noticed a lemure
  4069 | D:4      | Noticed a lemure
  4230 | D:4      | Noticed a lemure
  4238 | D:3      | Killed a lemure
  4244 | D:3      | Killed a lemure
  4485 | D:3      | Killed a lemure
  4674 | D:4      | You fall into a shaft and drop 3 floors!
  4727 | D:7      | Noticed a wyvern
  4731 | D:7      | You fall into a shaft and drop 2 floors!
  4734 | D:9      | Learned a level 1 spell: Slow
  4773 | D:9      | Noticed Prince Ribbit
  4810 | D:9      | Noticed a centaur
  5564 | D:9      | Killed a centaur
  5565 | D:9      | Reached skill level 1 in Hexes
  5565 | D:9      | Reached XP level 6. HP: 30/32 MP: 10/16
  5630 | D:9      | Noticed a wyvern
  5652 | D:9      | Slain by a wyvern

Illustrated notes

Levels and vault maps discovered:
D:1:      nzn_arrival_depleted_hourglass, layout_loops_ring,
          nicolae_kite_square_tiling_tiny, minmay_pentomino_s2
D:2:      layout_basic
D:3:      layout_basic
D:4:      layout_cave_pools, uniq_pargi, uniq_blork_the_orc, uniq_pikel
D:7:      layout_loops_ring, minmay_temple_entry_junction, enter_bailey_2,
          uniq_joseph
D:9:      layout_roguey, jmf_multi_god_temple, uniq_prince_ribbit1

Skill      XL: |  1  2  3  4  5 |
---------------+----------------+-----
Conjurations   | 2 3 4 |  4.0
Fire Magic     | 4 5 |  5.0
Spellcasting   | 4 5 |  5.6
Hexes          | 1 |  1.4
Dodging        | |  2.4
Stealth        | |  2.4

Action                     |  1- 3 |  4- 6 || total
---------------------------+-------+-------++-------
  Melee: Staff             |       |     1 ||     1
   Cast: Foxfire           |    83 |    60 ||   143
         Scorch            |     4 |    19 ||    23
         Slow              |       |     2 ||     2
    Use: Scroll            |       |    10 ||    10
         Potion            |       |     3 ||     3
 Armour: Robe              |    10 |    20 ||    30
  Dodge: Dodged            |    12 |    36 ||    48
